 Dungeon Crawl Stone Soup version 0.30-a0-4-ga7cffc901d (webtiles) character file.

Game seed: 7615547676738500059

107 siradein the Trooper (level 4, 0/37 HPs)
             Began as a Demonspawn Fighter on Aug 20, 2022.
             Slain by Pargi (2 damage)
             ... in a sewer.
             The game lasted 00:04:08 (1762 turns).

siradein the Trooper (Demonspawn Fighter)           Turns: 1762, Time: 00:04:10

Health: 0/37       AC:  6    Str: 17    XL:     4   Next: 57%
Magic:  4/4        EV:  9    Int: 11    God:
Gold:   78         SH:  8    Dex: 12    Spells: 3/3 levels left

rFire   . . .      SeeInvis .    a - +0 flail
rCold   . . .      Faith    .    c - +0 buckler
rNeg    . . .      Spirit   .    b - +0 scale mail
rPois   +          Reflect  .    (helmet restricted)
rElec   .          Harm     .    (no cloak)
rCorr   .          Rampage  .    (no gloves)
Will    .....                    (no boots)
Stlth   ..........               (no amulet)
HPRegen 0.12/turn                e - ring of poison resistance
MPRegen 0.09/turn                (no ring)

@: no status effects
A: horns 1, large bone plates 1
a: no special abilities


You were in a sewer.
You visited 1 branch of the dungeon, and saw 3 of its levels.
You also visited: Sewer.

You collected 78 gold pieces.

Inventory:

Hand Weapons
 a - a +0 flail (weapon)
Armour
 b - a +0 scale mail (worn)
 c - a +0 buckler (worn)
Jewellery
 e - a ring of poison resistance (left hand)
Scrolls
 f - a scroll of silence {unknown}
 i - a scroll of enchant weapon {unknown}
 j - a scroll of teleportation {unknown}
 k - a scroll of noise {unknown}
Potions
 d - 2 potions of might
 g - a potion of mutation {unknown}
 h - a potion of ambrosia {unknown}
 l - a potion of cancellation {unknown}
 m - a potion of brilliance {unknown}
 n - a potion of heal wounds {unknown}
 o - a potion of invisibility {unknown}


   Skills:
 + Level 3.7 Fighting
 + Level 2.6 Maces & Flails
 + Level 3.3 Armour
 + Level 3.4 Shields


You had 3 spell levels left.
You didn't know any spells.
Your spell library was empty.

Dungeon Overview and Level Annotations

Branches:
Dungeon (3/15)              Sewer (1/1)

Altars:
Cheibriados
Wu Jian

Shops:
D:1 (!

Annotations:
Sewer Pargi


Innate Abilities, Weirdness & Mutations

You have a pair of small horns on your head.
You are partially covered in large bone plates. (SH +4)


Message History

Pargi bites you but does no damage. Pargi claws you but does no damage. x2
You miss Pargi. You headbutt Pargi!
Pargi is moderately wounded.
You block Pargi's attack. Pargi claws you but does no damage. x2
Pargi bites you! Pargi closely misses you. You block Pargi's attack.
You are too injured to fight recklessly!
You are too injured to fight recklessly!
You are too injured to fight recklessly!
You are too injured to fight recklessly!
You barely miss Pargi.
Pargi is moderately wounded.
Pargi closely misses you. Pargi claws you. Pargi completely misses you.
You closely miss Pargi. Your headbutt misses Pargi.
Pargi is moderately wounded.
Pargi barely misses you. You block Pargi's attack.
Pargi claws you but does no damage.
You barely miss Pargi. Your headbutt misses Pargi.
Pargi is moderately wounded.
Pargi barely misses you. Pargi claws you but does no damage.
You block Pargi's attack. Pargi bites you but does no damage.
Pargi claws you but does no damage. You block Pargi's attack.
You closely miss Pargi.
Pargi is moderately wounded.
You block Pargi's attack. Pargi claws you but does no damage. x2
You closely miss Pargi. You headbutt Pargi.
Pargi is moderately wounded.
Pargi bites you. Pargi barely misses you. x2
You hit Pargi. Your headbutt misses Pargi.
Pargi is moderately wounded.
Pargi bites you.
* * * LOW HITPOINT WARNING * * *
Pargi claws you but does no damage. x2
You sock Pargi!
Pargi is severely wounded.
You block Pargi's attack. Pargi claws you.
* * * LOW HITPOINT WARNING * * *
You block Pargi's attack. Pargi bites you.
* * * LOW HITPOINT WARNING * * *
Pargi claws you.
You die...

≈≈≈≈≈≈≈.## ##≈≈≈≈≈~#
##≈≈≈≈~## #≈≈≈≈≈.###
≈≈≈≈≈≈≈~.###
##≈≈≈≈≈≈...## #
#≈≈≈≈≈≈≈≈~.~## #~~
##≈≈≈≈≈≈≈≈≈..#####
#.~≈≈
#≈≈≈≈≈≈≈≈≈≈..##@#.~≈≈≈≈
##≈≈≈≈≈≈≈≈≈≈≈~~~T≈≈≈≈≈≈
##≈≈≈≈≈≈≈≈≈≈≈≈≈≈≈≈≈≈≈≈
#≈≈≈≈≈≈≈≈≈≈≈≈≈≈≈≈≈≈≈≈
###≈≈≈≈≈≈≈≈≈≈≈≈≈≈≈≈≈≈
###≈≈≈≈≈≈≈≈≈≈≈≈≈≈≈≈
#≈≈≈≈≈≈≈≈≈≈≈≈≈≈≈≈
###≈≈≈≈≈≈≈≈≈≈#≈≈≈
##≈≈####≈≈#####


You could see Pargi.

Vanquished Creatures
  2 adders
  A worm (D:2)
  2 dart slugs
  3 endoplasms
  8 giant cockroaches
  9 goblins
  5 hobgoblins
  4 jackals (D:3)
  7 kobolds
  2 quokkas (D:1)
  8 ball pythons
  14 bats
  A frilled lizard (D:1)
  7 rats
73 creatures vanquished.

Notes
Turn   | Place    | Note
-------+----------+-------------------------------------------
     0 | D:1      | siradein the Demonspawn Fighter began the quest for the
                  | Orb.
     0 | D:1      | Reached XP level 1. HP: 18/18 MP: 1/1
    61 | D:1      | Gained mutation: You have a pair of small horns on your
                  | head. [demonic ancestry]
    61 | D:1      | Reached XP level 2. HP: 22/24 MP: 2/2
   367 | D:1      | Gained mutation: You are partially covered in large bone
                  | plates. (SH +4) [demonic ancestry]
   367 | D:1      | Reached XP level 3. HP: 26/29 MP: 3/3
   449 | D:1      | Found Liunkiur's Weapon Boutique.
   631 | D:1      | Found Kolohae's Distillery.
  1184 | D:2      | Reached XP level 4. HP: 29/35 MP: 4/4
  1580 | D:3      | Found an ornate altar of the Wu Jian Council.
  1588 | D:3      | Found a snail-covered altar of Cheibriados.
  1716 | D:3      | Found a glowing drain.
  1729 | Sewer    | Entered a sewer
  1745 | Sewer    | Noticed Pargi
  1762 | Sewer    | Slain by Pargi

Illustrated notes

Levels and vault maps discovered:
D:1:      mainiacjoe_arrival_reflecting_pool, layout_loops_ring, serial_shops,
          nicolae_diamond_shop, shop
D:2:      layout_rooms, solitary_fountain
D:3:      layout_rooms, fedhas_altar_1, jmf_multi_god_temple,
          cheibrodos_sewer_entry_drain
Sewer:    sewer_co_pargi_island

Skill      XL: |  1  2 |
---------------+-------+-----
Maces & Flails | 2 |  2.6
Armour         | 3 |  3.3
Shields        | 3 |  3.4
Fighting       | |  3.7

Action                   |  1- 3 |  4- 6 || total
-------------------------+-------+-------++-------
Melee: Flail             |   115 |   103 ||   218
       Headbutt          |    14 |    11 ||    25
Armor: Scale mail        |    64 |    64 ||   128
Dodge: Dodged            |    44 |    49 ||    93
Block: Buckler           |    44 |    69 ||   113

Table legend: (Time is in decaauts)
 A = Elapsed time spent in this place.
 B = Non-inter-level travel time spent in this place.
 C = Inter-level travel time spent in this place.
 D = Time resting spent in this place.
 E = Time spent auto-exploring this place.
 F = Levels seen in this place.
 G = Mean time per level.
                   A        B        C        D        E       F      G
               +--------+--------+--------+--------+--------+-----+--------+
         Total |   1839 |   1813 |     26 |      0 |   1217 |   4 |  459.8 |
       Dungeon |   1797 |   1771 |     26 |      0 |   1199 |   3 |  599.0 |
         Sewer |     41 |     41 |      0 |      0 |     18 |   1 |   41.0 |
               +--------+--------+--------+--------+--------+-----+--------+

Top non-repeatable levels by time:
     D:1: 808 daAuts
     D:2: 755 daAuts
     D:3: 233 daAuts
   Sewer: 41 daAuts
